 Dungeon Crawl Stone Soup version 0.19.0-19-g8c6edcc (webtiles) character file.

74 NINUZHNO the Poker (level 4, -8/35 HPs)
             Began as a Mummy Chaos Knight on Nov 14, 2016.
             Shot with a bolt by a yaktaur captain (17 damage)
             ... on level 1 of the Dungeon.
             The game lasted 00:04:03 (5948 turns).

NINUZHNO the Poker (Mummy Chaos Knight)             Turns: 5948, Time: 00:04:04

Health: -8/35      AC:  5    Str: 16      XL:     4   Next: 10%
Magic:  4/4        EV: 11    Int: 11      God:    Xom [......]
Gold:   40         SH:  0    Dex: 10 (11) Spells: 0 memorised, 3 levels left

rFire  x . .     SeeInvis .     a - +0 spear (chaos)
rCold  + . .     Gourm    .     b - +2 leather armour
rNeg   + + +     Faith    .     (no shield)
rPois  ∞         Spirit   .     (no helmet)
rElec  .         Reflect  .     (no cloak)
rCorr  .         Harm     .     (no gloves)
MR     .....     Rnd*Tele +     (no boots)
Stlth  +.........               (no amulet)
                                (no ring)
                                d - ring of teleportation (curse)

@: no status effects
A: no food or potions, fire vulnerability, cold resistance 1, negative energy
resistance 3, torment resistance, unbreathing
a: Renounce Religion


You were on level 1 of the Dungeon.
You worshipped Xom.
You were a very special plaything of Xom.
You were not hungry.

You visited 1 branch of the dungeon, and saw 2 of its levels.

You collected 40 gold pieces.

Inventory:

Hand Weapons
 a - a +0 spear of chaos (weapon)
Armour
 b - a +2 leather armour (worn)
Jewellery
 d - a cursed ring of teleportation (left hand)
Scrolls
 e - a scroll of blinking


   Skills:
 - Level 3.0 Fighting
 * Level 4.1 Polearms
 - Level 1.5 Armour
 - Level 0.7 Dodging


You had 3 spell levels left.
You didn't know any spells.

Dungeon Overview and Level Annotations

Branches:
Dungeon (2/15)

Altars:


Innate Abilities, Weirdness & Mutations

You do not eat or drink.
Your flesh is vulnerable to fire.
You are immune to poison.
Your flesh is cold resistant. (rC+)
You are immune to negative energy. (rN+++)
You are immune to unholy pain and torment.
You can survive without breathing.


Message History

The yaktaur captain shouts!
Press: ? - help, v - describe, . - travel, g - get item
Here: a yaktaur captain 2 stones.
There is something else lying underneath.
The floor, spattered with blood.
Evoke which item? (* to show all) (? for menu, Esc to quit)
Okay, then.
Evoke which item? (* to show all) (? for menu, Esc to quit)
Okay, then.
You can't eat.
The yaktaur captain wields an arbalest.
The yaktaur captain shoots a bolt.
The bolt hits you!!
Ouch! That really hurt!
* * * LOW HITPOINT WARNING * * *
Xom thinks this is hilarious!
A shower of butterflies erupts from you!
The yaktaur captain shoots a bolt.
The bolt hits you!
You die...
Xom giggles madly!

########..#...#.#.##.........###
#...............#.##.........#
#.............#...##...[.....#
#.........##.)#c#.##.........#
##.........###)#.#.############
...........# #.#.#.#
..########## #b.(#.# ..# #..(#.#
..# ###.b@#.# ### #.b.#b..#
######.#..b# #......#...#
######.#...# #.........#
#.........# #.......###
#.......#


You could see a yaktaur captain.

Vanquished Creatures
  An adder (D:1)
  A river rat (D:1)
  2 dart slugs (D:1)
  2 giant cockroaches (D:1)
  4 goblins (D:1)
  5 hobgoblins (D:1)
  7 jackals (D:1)
  9 bats
  A frilled lizard (D:1)
  6 kobolds
  11 rats
49 creatures vanquished.

Notes
Turn   | Place    | Note
-------+----------+-------------------------------------------
     0 | D:1      | NINUZHNO the Mummy Chaos Knight began the quest for the Orb.
     0 | D:1      | Reached XP level 1. HP: 18/18 MP: 1/1
    15 | D:1      | XOM: potion effect (haste)
    32 | D:1      | Reached XP level 2. HP: 6/24 MP: 2/2
   282 | D:1      | Reached skill level 3 in Polearms
   600 | D:1      | Reached XP level 3. HP: 29/29 MP: 3/3
   849 | D:1      | XOM: cast spell 'Olgreb's Toxic Radiance'
  1036 | D:1      | XOM: harmless Conj miscast
  1401 | D:1      | XOM: noise
  2057 | D:1      | XOM: god gift: 20 gold pieces
  2114 | D:1      | XOM: god gift: beef jerky
  2271 | D:1      | XOM: summons 1 hostile demon
  3629 | D:1      | XOM: mild Air miscast
  3743 | D:1      | XOM: divination: magic mapping
  3746 | D:1      | Reached skill level 4 in Polearms
  3905 | D:1      | XOM: cast spell 'Summon Butterflies'
  4439 | D:1      | XOM: mild Fire miscast
  5276 | D:1      | XOM is BORED!
  5276 | D:1      | XOM: medium Tloc miscast
  5276 | D:1      | XOM: smoke on damage
  5288 | D:1      | Reached XP level 4. HP: 15/35 MP: 4/4
  5426 | D:1      | XOM: mild Necr miscast
  5787 | D:1      | XOM: severe Necr miscast
  5788 | D:1      | Noticed a reaper
  5941 | D:2      | XOM: stat loss: -1 Dex (10/11)
  5946 | D:1      | Noticed a yaktaur captain
  5947 | D:1      | XOM: butterfly on damage
  5948 | D:1      | Shot with a bolt by a yaktaur captain

Skill      XL: |  1  2  3 |
---------------+----------+-----
Polearms       | 3 4 |  4.1
Fighting       | |  3.0
Armour         | |  1.5
Dodging        | |  0.7

Action                   |  1- 3 |  4- 6 || total
-------------------------+-------+-------++-------
Melee: Spear             |   167 |    21 ||   188
  Use: Scroll            |     1 |     1 ||     2
 Stab: Paralysed         |     1 |       ||     1
       Sleeping          |     1 |       ||     1
       Confused          |       |     1 ||     1
Armor: Leather armour    |    39 |     6 ||    45
Dodge: Dodged            |    74 |     5 ||    79
